 Dungeon Crawl Stone Soup version 0.30.0-10-gfe55d96785 (webtiles) character file.

Game seed: 6108481990371511562

15 gelatine the Stinger (level 2, -2/19 HPs)
             Began as a Demonspawn Venom Mage on May 14, 2023.
             Slain by a hobgoblin (3 damage)
             ... on level 1 of the Dungeon.
             The game lasted 00:01:21 (395 turns).

gelatine the Stinger (Demonspawn Venom Mage)         Turns: 395, Time: 00:01:22

Health: -2/19      AC:  2    Str:  8    XL:     2   Next: 34%
Magic:  0/5        EV: 12    Int: 16    God:
Gold:   0          SH:  0    Dex: 13    Spells: 4/5 levels left

rFire   . . .        e - +0 dagger
rCold   . . .        (no shield)
rNeg    . . .        a - +0 robe
rPois   .            (no helmet)
rElec   .            (no cloak)
rCorr   .            (no gloves)
SInv    .            (no boots)
Will    .....        (no amulet)
Stlth   ++           (no ring)
HPRegen 0.23/turn    (no ring)
MPRegen 0.09/turn

%: no passive effects
@: very slightly contaminated
A: demonic guardian 1
a: no special abilities


You were on level 1 of the Dungeon.
You visited 1 branch of the dungeon, and saw 1 of its levels.

Inventory:

Hand Weapons
 e - a +0 dagger (weapon)
Armour
 a - a +0 robe (worn)
Scrolls
 c - a scroll of acquirement {unknown}
Potions
 b - a potion of magic
 d - a potion of invisibility {unknown}
 f - a potion of curing {unknown}


   Skills:
 + Level 1.8 Dodging
 + Level 1.8 Stealth
 + Level 2.3 Spellcasting
 + Level 1.0 Transmutations
 + Level 3.3 Poison Magic


You had 4 spell levels left.
You knew the following spells:

 Your Spells              Type           Power      Damage    Failure   Level
a - Sting                 Tmut/Pois      32%        1d4       9%          1

Your spell library contained the following spells:

 Spells                   Type           Power      Damage    Failure   Level
 Poisonous Vapours        Pois/Air       14%        N/A       16%         2
 Mephitic Cloud           Conj/Pois/Air  5%         N/A       36%         3
 Olgreb's Toxic Radiance  Pois           12%        N/A       45%         4


Dungeon Overview and Level Annotations

Branches:
Dungeon (1/15)

Altars:


Innate Abilities, Weirdness & Mutations

A weak demonic guardian rushes to your aid.


Message History

The kobold throws a stone.
The stone hits you but does no damage.
Your shadow imp gestures at the hobgoblin.
The hobgoblin writhes in agony.
The hobgoblin attacks as you move away! The hobgoblin completely misses you.
Your shadow imp hits the hobgoblin.
Casting: Sting (safe; 9% risk of failure)
Confirm with . or Enter, or press ? or * to list all spells.
Aiming: Sting (safe; 9% risk of failure)
Press: ? - help, Shift-Dir - straight line, f - hobgoblin
Aim: a hobgoblin (severely wounded, ally target, 68% to hit)
You miscast Sting.
You are very lightly contaminated with residual magic.
Nothing appears to happen.
The hobgoblin hits you.
* * * LOW HITPOINT WARNING * * *
The kobold hits your shadow imp with a +0 dagger.
Your shadow imp hits the hobgoblin but does no damage.
Casting: Sting (safe; 9% risk of failure)
Confirm with . or Enter, or press ? or * to list all spells.
Aiming: Sting (safe; 9% risk of failure)
Press: ? - help, Shift-Dir - straight line, f/p - hobgoblin
Aim: a hobgoblin (heavily wounded, not watching you, ally target, 68% to hit)
The sting hits the hobgoblin.
The hobgoblin is poisoned.
The hobgoblin is severely wounded.
The kobold barely misses your shadow imp.
The hobgoblin hits you.
* * * LOW HITPOINT WARNING * * *
Your shadow imp hits the hobgoblin.
Casting: Sting (safe; 9% risk of failure)
Confirm with . or Enter, or press ? or * to list all spells.
Aiming: Sting (safe; 9% risk of failure)
Press: ? - help, Shift-Dir - straight line, f/p - hobgoblin
Aim: a hobgoblin (almost dead, poisoned, ally target, 68% to hit)
The sting hits the hobgoblin but does no damage.
The hobgoblin looks even sicker.
The hobgoblin is almost dead.
The kobold throws a stone.
The stone barely misses your shadow imp.
The stone hits the hobgoblin but does no damage.
The hobgoblin hits you.
You die...

#<#.# ####..#.## .
#.#.#####...# #....## ..
#.#.........# ###...# ##..#
#.#..####...# ##..# #.....
#.##..###.>.# #..##......
#..##.......# #J.#.......
#...###.#...# #.g...>J...
+....##.#...#######K##.......
#..#..#.........@g5.# .......
#....###....######### ....g..
#...##......# #......
#..###.###### ...... #.##...#
...... #....### .g.... ######


You could see a hobgoblin (very poisoned, ally target), a kobold and a friendly
shadow imp (summoned).

Vanquished Creatures
  2 dart slugs (D:1)
  3 bats (D:1)
  An endoplasm (D:1)
  A giant cockroach (D:1)
  2 quokkas (D:1)
  A kobold (D:1)
10 creatures vanquished.

Notes
Turn   | Place    | Note
-------+----------+-------------------------------------------
     0 | D:1      | gelatine the Demonspawn Venom Mage began the quest for the
                  | Orb.
     0 | D:1      | Reached XP level 1. HP: 13/13 MP: 3/3
   190 | D:1      | Gained mutation: A weak demonic guardian rushes to your
                  | aid. [demonic ancestry]
   190 | D:1      | Reached XP level 2. HP: 14/19 MP: 0/5
   323 | D:1      | Reached skill level 1 in Transmutations
   395 | D:1      | Slain by a hobgoblin

Illustrated notes

Levels and vault maps discovered:
D:1:      amcnicky_arrival_feature_with_door, layout_rooms,
          minmay_misc_feat_pillars

Skill      XL: |  1  2 |
---------------+-------+-----
Transmutations | 1 |  1.0
Dodging        | |  1.8
Stealth        | |  1.8
Spellcasting   | |  2.3
Poison Magic   | |  3.3

Action                     || total
---------------------------++-------
  Melee: Dagger            ||    21
   Cast: Sting             ||    23
 Armour: Robe              ||    15
  Dodge: Dodged            ||    33
